 Dungeon Crawl Stone Soup version 0.21.1-1-g345015f (webtiles) character file.

1044 Goblin1989 the Cleaver (level 8, 0/58 HPs)
             Began as a Demonspawn Monk on Feb 7, 2018.
             Was a Priest of Qazlal.
             Slain by a wight
             ... wielding a cursed +1 great sword
              (2 damage)
             ... on level 6 of the Dungeon on Feb 8, 2018.
             The game lasted 00:18:16 (6189 turns).

Goblin1989 the Cleaver (Demonspawn Monk)            Turns: 6189, Time: 00:18:17

Health: 0/58       AC:  6    Str: 13    XL:     8   Next: 4%
Magic:  8/8        EV: 11    Int: 12    God:    Qazlal [***...]
Gold:   223        SH:  8    Dex: 16    Spells: 7/7 levels left

rFire    . . .     SeeInvis .   U - +0 war axe
rCold    + . .     Gourm    .   (no shield)
rNeg     . . .     Faith    .   p - +1 ring mail
rPois    .         Spirit   .   (no helmet)
rElec    .         Reflect  .   (no cloak)
rCorr    .         Harm     .   (no gloves)
MR       .....                  (no boots)
Stlth    +.........             (no amulet)
HPRegen  0.19/turn              c - ring of protection from cold
MPRegen  0.11/turn              y - +1 ring of slaying

@: heavily drained
A: claws 1, large bone plates 1, demonic guardian 1, powered by death 1
a: Upheaval, Elemental Force, Renounce Religion


You were on level 6 of the Dungeon.
You worshipped Qazlal.
Qazlal was most pleased with you.
You were near starving.

You visited 1 branch of the dungeon, and saw 6 of its levels.
You also visited: Sewer and Ossuary.

You collected 223 gold pieces.

Inventory:

Hand Weapons
 a - a +1 hand axe
 w - a +0 blowgun {@w1}
 U - a +0 war axe (weapon)
 V - a +0 hunting sling of freezing
Missiles
 i - 6 javelins (quivered)
 Z - 25 sling bullets
Armour
 b - a +0 robe
 p - a +1 ring mail (worn)
Jewellery
 c - a ring of protection from cold (left claw)
 y - a +1 ring of slaying (right claw)
 J - a +2 ring of evasion {unknown}
 M - a +3 ring of strength {unknown}
 N - an uncursed ring of protection from magic {unknown}
Wands
 W - a wand of digging (14)
Scrolls
 n - 4 scrolls of enchant armour
 o - 4 scrolls of immolation
 O - a scroll of blinking {unknown}
 Q - a scroll of remove curse {@r2}
 R - 2 scrolls of identify {@r1}
 T - 6 scrolls of teleportation {!r, @r3}
Potions
 g - 3 potions of mutation {!q}
 l - 6 potions of curing {@q1}
 K - 2 potions of haste
 L - a potion of degeneration {unknown}
 P - a potion of heal wounds
 S - a potion of brilliance {unknown}
 X - 2 potions of flight
 Y - a potion of might {unknown}
Comestibles
 e - 5 rations


   Skills:
 + Level 3.5(2.3) Fighting
 * Level 8.5(7.2) Axes
 + Level 1.2(0.2) Armour
 + Level 3.1(2.0) Dodging
 - Level 1.7(0.6) Stealth


You had 7 spell levels left.
You didn't know any spells.

Dungeon Overview and Level Annotations

Branches:
Dungeon (6/15)
 Temple: D:4-7

Altars:
Elyvilon
Kikubaaqudgha
Makhleb
Nemelex Xobeh
Qazlal
Ru
Yredelemnul

Annotations:
D:5 adept's ghost, novice DDBe
D:6 Menkaure


Innate Abilities, Weirdness & Mutations

You have sharp fingernails.
You are partially covered in large bone plates. (SH +4)
A weak demonic guardian rushes to your aid.
You regenerate a little health from kills.


Message History

You hear an angry hiss.
An adder comes into view.
The adder hisses angrily.
A wight comes into view. It is wielding an enchanted falchion.
Health restored: 52 A wight comes into view.
It is wielding an enchanted great sword. 2 wights come into view.
A wight is wielding a short sword of freezing.
You hear a shout!
A wight comes into view. It is wielding a trident.
You miss the adder.
You hear a shout!
The adder barely misses you.
A crimson imp comes into view. It is wielding a staff of earth.
You slash the adder!
The adder is severely wounded.
The adder bites you but does no damage. The adder closely misses you.
You hit the adder.
You kill the adder!
Qazlal accepts your kill.
You have reached level 8!
You feel agile.
Your demonic ancestry asserts itself...
Your fingernails lengthen.
Health restored: 58; MP restored: 8 You completely miss the wight.
The wight barely misses you.
You closely miss the wight. You hit the wight but do no damage.
You block the wight's attack. x2
The wight hits you with an enchanted scimitar!
You take 8 damage, and have 50/58 hp.
You hit the wight.
The wight is moderately damaged.
You hit the wight. The wight barely misses you. You block the wight's attack.
The wight misses you.
The crimson imp blinks!
You slash the wight!
You destroy the wight!
Qazlal accepts your kill.
You barely miss the wight. The wight barely misses you.
You regained 2 hp, and now have 52/58 hp.
You closely miss the wight.
The wight is moderately damaged.
You closely miss the wight. The wight barely misses you.
The wight hits you from afar with a trident.
You feel drained. The wight hits you but does no damage.
You hit the wight.
The wight is heavily damaged.
You hit the wight.
The wight hits you with an enchanted scimitar!
You feel drained.
The wight hits you from afar with a trident.
The wight hits you with an enchanted falchion.
You block the wight's attack.
You take 14 damage, and have 38/58 hp.
MASSIVE DAMAGE!!
You closely miss the wight.
The wight is heavily damaged.
You hit the wight. You barely miss the wight. You block the wight's attack. x2
The wight hits you but does no damage.
You regained 2 hp, and now have 40/58 hp.
Unknown command.
Your ring mail prevents you from hitting the wight.
The wight is heavily damaged.
You barely miss the wight. You hit the wight but do no damage.
The wight hits you with an enchanted great sword!
You block the wight's attack. x2; The wight hits you but does no damage.
You take 11 damage, and have 29/58 hp.
Unknown command.
You are too injured to fight recklessly!
Unknown command.
You are too injured to fight recklessly!
Unknown command.
You are too injured to fight recklessly!
Unknown command.
Unknown command.
You barely miss the wight.
The wight is moderately damaged.
You hit the wight but do no damage. You hit the wight. The wight misses you.
The wight hits you from afar with a trident.
* * * LOW HITPOINT WARNING * * *
The wight hits you with an enchanted scimitar!
* * * LOW HITPOINT WARNING * * *
The wight hits you but does no damage.
You take 12 damage, and have 17/58 hp.
MASSIVE DAMAGE!!
You hit the wight.
The wight is heavily damaged.
You hit the wight but do no damage. x2; The wight closely misses you.
The wight hits you with an enchanted scimitar.
* * * LOW HITPOINT WARNING * * *
You block the wight's attack. x2
You take 1 damage, and have 16/58 hp.
You hit the wight but do no damage.
The wight is heavily damaged.
You hit the wight but do no damage. You barely miss the wight.
Your white imp disappears in a puff of smoke!
The wight closely misses you.
The wight hits you with an enchanted scimitar!
* * * LOW HITPOINT WARNING * * *
You feel drained.
The wight hits you with an enchanted great sword.
* * * LOW HITPOINT WARNING * * *
You feel drained.
You die... █. █. .██ ... █[█ █.█ ████.███ ███████

██.....§█ █.....█
██..██.█@█
█.....███...██.zzz<.....
█..............5..z.....
█.....███.....█.........
█.....█ ██.......█████..


███████ █.<.....█ . .......█..████ █████..█..█ █.....█ You could see 4 wights
and a friendly white imp.

Vanquished Creatures
  Grinder (D:3)
  An ice beast (D:5)
  A sky beast (D:4)
  A big kobold (Sewer)
  Dowan (D:5)
  A wight (D:6)
  A human zombie (Ossuary)
  2 orc wizards
  2 hounds (D:5)
  2 mummies (Ossuary)
  9 adders
  2 river rats (Sewer)
  An ooze (D:3)
  8 worms
  A dart slug (D:1)
  4 leopard geckos
  14 orcs
  7 bats
  7 giant cockroaches
  6 hobgoblins
  8 jackals
  7 kobolds
  4 quokkas
  5 frilled lizards
  A goblin (D:2)
  A goblin zombie (Ossuary)
  4 hobgoblin zombies (Ossuary)
  A jackal skeleton (D:4)
  2 kobold zombies (Ossuary)
  13 rats
118 creatures vanquished.

Vanquished Creatures (collateral kills)
  A wraith (Ossuary)
  Duvessa (D:5)
  Ijyb (D:4)
  An orc wizard (D:4)
  A mummy (Ossuary)
  A kobold (Sewer)
  A rat (D:4)
7 creatures vanquished.

Vanquished Creatures (others)
  A kobold zombie (Ossuary)
  An orc zombie (Ossuary)
2 creatures vanquished.

Grand Total: 127 creatures vanquished

Notes
Turn   | Place    | Note
-------+----------+-------------------------------------------
     0 | D:1      | Goblin1989 the Demonspawn Monk began the quest for the Orb.
     0 | D:1      | Reached XP level 1. HP: 18/18 MP: 1/1
    39 | D:1      | Reached skill level 3 in Axes
    50 | D:1      | Gained mutation: You regenerate a little health from kills. [demonic ancestry]
    50 | D:1      | Reached XP level 2. HP: 10/24 MP: 2/2
  1095 | D:2      | Reached XP level 3. HP: 8/29 MP: 3/3
  1741 | D:2      | Reached skill level 4 in Axes
  1962 | D:2      | Found an ancient bone altar of Kikubaaqudgha.
  1964 | D:2      | Found a stormy altar of Qazlal.
  1967 | D:2      | Found a sparkling altar of Nemelex Xobeh.
  1972 | D:2      | Became a worshipper of Qazlal Stormbringer
  1972 | D:2      | Reached * piety under Qazlal
  1972 | D:2      | Reached ** piety under Qazlal
  1998 | D:2      | Found a white marble altar of Elyvilon.
  2016 | D:2      | Found a basalt altar of Yredelemnul.
  2343 | D:2      | Found a burning altar of Makhleb.
  3043 | D:3      | Reached XP level 4. HP: 35/35 MP: 4/4
  3087 | D:3      | Reached skill level 5 in Axes
  3144 | D:3      | Gained mutation: A weak demonic guardian rushes to your aid. [demonic ancestry]
  3144 | D:3      | Reached XP level 5. HP: 32/41 MP: 5/5
  3168 | D:3      | Noticed Grinder
  3321 | D:3      | Paralysed by Grinder for 3 turns
  3328 | D:3      | Killed Grinder
  3328 | D:3      | Reached skill level 6 in Axes
  3328 | D:3      | Gained mutation: You are partially covered in large bone plates. (SH +4) [demonic ancestry]
  3328 | D:3      | Reached XP level 6. HP: 39/47 MP: 6/6
  3818 | D:4      | Reached *** piety under Qazlal
  3855 | D:4      | Found a sacrificial altar of Ru.
  3876 | D:4      | Noticed Ijyb
  3894 | D:4      | Killed Ijyb
  4093 | D:4      | Found a glowing drain.
  4105 | Sewer    | Entered a sewer
  4128 | Sewer    | Reached skill level 7 in Axes
  4251 | Sewer    | Found a white marble altar of Elyvilon.
  4501 | D:5      | Entered Level 5 of the Dungeon
  4507 | D:5      | Noticed an ice beast
  4534 | D:5      | Killed an ice beast
  4534 | D:5      | Reached XP level 7. HP: 23/52 MP: 7/7
  4587 | D:5      | Noticed Dowan
  4592 | D:5      | Noticed Duvessa
  4595 | D:5      | Noticed adept's ghost (novice DDBe)
  4616 | D:5      | Killed Dowan
  4627 | D:5      | Killed Duvessa
  4627 | D:5      | Reached skill level 8 in Axes
  4719 | D:5      | Found a sand-covered staircase.
  4723 | Ossuary  | Entered an ossuary
  4723 | Ossuary  | Noticed a wraith
  4723 | Ossuary  | Noticed a wraith
  4723 | Ossuary  | Noticed a wraith
  4962 | Ossuary  | Reached **** piety under Qazlal
  4993 | Ossuary  | Noticed a wraith
  5014 | Ossuary  | Killed a wraith
  5660 | D:4      | HP: 1/52 [something (6)]
  5969 | D:4      | Reached skill level 1 in Armour
  6016 | D:6      | Noticed Menkaure
  6178 | D:6      | Gained mutation: You have sharp fingernails. [demonic ancestry]
  6178 | D:6      | Reached XP level 8. HP: 58/58 MP: 8/8
  6189 | D:6      | HP: 2/58 [wight/enchanted great sword (5)]
  6189 | D:6      | Slain by a wight

Skill      XL: |  1  2  3  4  5  6  7 |
---------------+----------------------+-----
Axes           | 3 4 5 6 7 8 |  8.5
Dodging        | 3 |  3.1
Armour         | 1 |  1.2
Fighting       | |  3.5
Stealth        | |  1.7

Action                   |  1- 3 |  4- 6 |  7- 9 || total
-------------------------+-------+-------+-------++-------
Melee: Hand axe          |   145 |   205 |    53 ||   403
       War axe           |       |       |    61 ||    61
 Fire: Hunting sling     |       |       |     2 ||     2
Throw: Javelin           |       |       |     1 ||     1
  Use: Potion            |       |     2 |     5 ||     7
       Scroll            |       |     8 |     1 ||     9
 Stab: Sleeping          |     1 |       |       ||     1
       Distracted        |       |     1 |     1 ||     2
  Eat: Chunk             |     7 |     4 |     1 ||    12
       Ration            |       |       |     1 ||     1
Armor: Robe              |     9 |       |       ||     9
       Ring mail         |     9 |    78 |    26 ||   113
Dodge: Dodged            |    82 |   115 |    56 ||   253
Block: Other             |     3 |    70 |    33 ||   106

Vault maps used:
D:1:      minmay_arrival_hallway, minivault_24, minivault_11, corner_web_ring
D:2:      overflow_temple_1_default, lemuel_coloured_pillars_altar, minitemple,
          first_ration, yredelemnul_altar_generic
D:3:      cheibrodos_helix_gallery, uniq_grinder
D:4:      nicolae_ru_sacrificial_ziggurat, portal_sewer_entry_a, uniq_ijyb
D:5:      dancing_weapons_uskayaw, lightli_ossuary_entry_decrepit_ruins,
          uniq_duvessa
D:6:      uniq_menkaure
Sewer:    sewer_kobolds
Ossuary:  ossuary_kennysheep_city_of_the_dead
